AoeStats
← Bananagee

Golden Pit

509177921Analyzed
1v1 RM · 8d ago on Sep 25, 2026· 38m 15s· 2 players
Game mode
Random Map
Map size
Tiny (2 player)
Population
200
Speed
Normal
Resources
Standard
Victory
Conquest
Starting age
Dark Age
Ending age
Imperial Age
RankedLock teamsTeams togetherTeam positionsShared explorationLock speedFull tech treeHidden civsTurbo modeCheats
Victory
Defeat
🇬🇧 Persians · United Kingdom
1214
+15
🇦🇷 Poles · Argentina
1182
-15
Thor Ragnarsson
7:17 Loom
9:33 Feudal Age
24:52 Double-Bit Axe
30:45 Man-at-Arms
34:49 Scale Barding Armor
38:20 Castle Age
37:22 Padded Archer Armor
37:16 Fletching
38:35 Wheelbarrow
Bananagee
0:33 Loom
27:55 Feudal Age
28:26 Double-Bit Axe
28:28 Horse Collar
30:52 Wheelbarrow
30:40 Bloodlines
31:38 Gold Mining
34:28 Castle Age
34:42 Scale Barding Armor
34:47 Forging
34:50 Bloodlines
Connection lost

Rejoining the realm…

Still unreachable

The connection could not be restored.

Session expired

The server has moved on; the page needs a fresh start.